AoeStats
← ELEG_Dk

Arena

510320368Analyzed
1v1 RM · 2d ago on Sep 30, 2026· 39m 34s· 2 players
Game mode
Random Map
Map size
Tiny (2 player)
Population
200
Speed
Normal
Resources
Standard
Victory
Conquest
Starting age
Dark Age
Ending age
Imperial Age
RankedLock teamsTeams togetherTeam positionsShared explorationLock speedFull tech treeHidden civsTurbo modeCheats
Victory
Defeat
🇺🇸 Spanish · United States
1051
+16
🇮🇹 Italians · Italy
1056
-16
ELEG_Dk
12:35 Feudal Age
16:28 Castle Age
15:00 Double-Bit Axe
14:59 Horse Collar
15:36 Gold Mining
16:00 Loom
17:34 Forging
18:38 Fletching
21:56 Bodkin Arrow
25:22 Scale Barding Armor
27:43 Husbandry
28:59 Squires
35:28 Imperial Age
34:08 Heavy Plow
34:32 Bow Saw
34:22 Stone Mining
36:51 Conscription
37:21 Wheelbarrow
39:34 Bloodlines
Tosto
9:30 Feudal Age
13:25 Castle Age
11:17 Horse Collar
11:27 Double-Bit Axe
15:20 Bow Saw
21:51 Gold Mining
25:34 Sanctity
25:26 Loom
26:01 Stone Mining
28:14 Fletching
30:47 Bodkin Arrow
31:30 Murder Holes
34:53 Heavy Plow
41:26 Imperial Age
39:32 Wheelbarrow
Connection lost

Rejoining the realm…

Still unreachable

The connection could not be restored.

Session expired

The server has moved on; the page needs a fresh start.